 Dungeon Crawl Stone Soup version 0.31-a0-221-gbddc013574 (webtiles) character file.

Game seed: 16515651859394854444

1954 qw the Skirmisher (level 8, 0/73 HPs)
             Began as a Minotaur Hexslinger on July 4, 2023.
             Was an Initiate of Okawaru.
             Slain by an ice beast (3 damage)
             ... on level 6 of the Dungeon.
             The game lasted 00:01:44 (3562 turns).

qw the Skirmisher (Minotaur Hexslinger)             Turns: 3562, Time: 00:01:45

Health: 0/73       AC:  4    Str: 12 (13) XL:     8   Next: 99%
Magic:  8/8        EV: 19    Int: 10      God:    Okawaru [......]
Gold:   299        SH:  0    Dex: 18 (21) Spells: 8/9 levels left

rFire   . . .        Y - +1 sling
rCold   . . .        (no shield)
rNeg    . . .        i - +2 robe
rPois   .            (helmet restricted)
rElec   .            (no cloak)
rCorr   .            (no gloves)
SInv    .            (no boots)
Will    .....        m - amulet of regeneration
Stlth   ++           j - +6 ring of dexterity
HPRegen 1.12/turn    g - +5 ring of evasion
MPRegen 0.11/turn

%: no passive effects
@: no status effects
A: horns 2, retaliatory headbutt
a: Renounce Religion


You were on level 6 of the Dungeon.
You worshipped Okawaru.
Okawaru was noncommittal.
You visited 1 branch of the dungeon, and saw 6 of its levels.

You collected 299 gold pieces.


Innate Abilities, Weirdness & Mutations

You have a pair of horns on your head.
You reflexively headbutt those who attack you in melee.


   Skills:
 - Level 7.5 Fighting
 - Level 10.1 Ranged Weapons
 - Level 1.0 Armour
 + Level 4.6 Dodging
 - Level 1.0 Spellcasting
 - Level 2.0 Hexes


You had 8 spell levels left.
You knew the following spells:

 Your Spells              Type           Power      Damage    Failure   Level
a - Slow                  Hex            16%        N/A       16%         1

Your spell library contained the following spells:

 Spells                   Type           Power      Damage    Failure   Level
 Inner Flame              Hex/Fire       2%         N/A       56%         3
 Portal Projectile        Hex/Tloc       4%         N/A       56%         3
 Cause Fear               Hex            2%         N/A       83%         4

Inventory:

Hand Weapons
 Y - a +1 sling (weapon)
Armour
 i - a +2 robe (worn)
Jewellery
 g - a +5 ring of evasion (right hand)
 j - a +6 ring of dexterity (left hand)
 m - an amulet of regeneration (around neck)
Wands
 p - a wand of digging (5)
Scrolls
 c - 3 scrolls of enchant armour
 f - a scroll of identify
Potions
 a - a potion of enlightenment
 b - a potion of curing
 d - a potion of haste
 h - a potion of mutation {unknown}
 k - a potion of resistance
 l - a potion of invisibility {unknown}
 n - a potion of brilliance {unknown}

Dungeon Overview and Level Annotations

Branches:
Dungeon (6/15)             Temple (0/1) D:5

Altars:
Ashenzari
Okawaru
Qazlal
Ru
Sif Muna
The Shining One

Annotations:
D:4 1 runed translucent door, Crazy Yiuf


Message History

The black bear barely misses you. The black bear misses you.
You shoot a sling bullet. The sling bullet hits the black bear!
The black bear is severely wounded.
The centaur barely misses you.
The centaur kicks you but does no damage.
The centaur barely misses you. You furiously retaliate!
You headbutt the centaur. The centaur completely misses you.
The black bear completely misses you. The black bear closely misses you.
The black bear misses you.
You shoot a sling bullet. The sling bullet hits the black bear.
The black bear is almost dead.
The centaur closely misses you. The centaur misses you.
The black bear goes berserk!
You shoot a sling bullet.
The sling bullet completely misses the black bear.
The sling bullet hits the ice beast!
The ice beast is heavily wounded.
The centaur hits you. The centaur closely misses you.
The black bear barely misses you.
The black bear claws you but does no damage.
The black bear barely misses you.
You shoot a sling bullet. The sling bullet hits the black bear!
You kill the black bear!
Okawaru accepts your kill.
The centaur misses you. x2; The centaur hits you.
The centaur barely misses you.
You shoot a sling bullet.
The sling bullet hits the centaur but does no damage.
The centaur is lightly wounded.
The centaur completely misses you. You furiously retaliate!
You headbutt the centaur!
The centaur kicks you but does no damage.
You shoot a sling bullet.
The sling bullet hits the ice beast but does no damage.
The ice beast is heavily wounded.
The centaur barely misses you. The centaur completely misses you.
The ice beast hits you but does no damage.
You shoot a sling bullet. The sling bullet hits the ice beast!
The ice beast is severely wounded.
The centaur hits you. The centaur completely misses you.
The ice beast hits you.
You die...

......)....#...##.#.#
.......)#########.#.#
.....>......... ...^#
.....)..####### #...#
........# #...
........## ..#
.........##
..........#
.........@#
..######cY# .. #..#
#... #.... .....#
...#.. ....###


You could see an ice beast and a centaur.

Vanquished Creatures
  Pikel (D:4)
  Grinder (D:4)
  A water moccasin (D:5)
  An ice beast (D:5)
  3 black bears
  An ogre (D:5)
  2 phantoms (D:5)
  A gnoll sergeant (D:5)
  A scorpion (D:5)
  A vampire bat (D:3)
  4 hounds
  2 orc priests (D:5)
  2 iguanas
  2 orc wizards
  Robin (D:4)
  6 adders
  2 shadow imps (D:5)
  An ufetubus (D:3)
  A worm (D:2)
  A dart slug (D:2)
  6 orcs
  4 ball pythons
  11 bats
  5 endoplasms
  3 giant cockroaches
  9 hobgoblins
  A quokka (D:3)
  2 frilled lizards
  13 goblins
  5 kobolds
  4 rats
  A butterfly (D:5)
99 creatures vanquished.

Notes
Turn   | Place    | Note
-------+----------+-------------------------------------------
     0 | D:1      | qw the Minotaur Hexslinger began the quest for the Orb.
     0 | D:1      | Reached XP level 1. HP: 16/16 MP: 1/1
     0 | D:1      | 0 ||| qw: Version: 0.3-a-40-ge99b1a8
     0 | D:1      | 0 ||| qw: Game counter: 680
     0 | D:1      | 0 ||| qw: Melee chars always use a shield: true
     0 | D:1      | 0 ||| qw: God list: Okawaru
     0 | D:1      | 0 ||| qw: Allow faded altars: false
     0 | D:1      | 0 ||| qw: Do Orc after clearing Dungeon:15 true
     0 | D:1      | 0 ||| qw: Do second Lair branch before Depths: true
     0 | D:1      | 0 ||| qw: Lair rune preference: random
     0 | D:1      | 0 ||| qw: Goals: Normal
     0 | D:1      | 0 ||| PLANNING D:1-11
   165 | D:1      | Reached skill level 3 in Ranged Weapons
   206 | D:1      | Reached XP level 2. HP: 23/23 MP: 2/2
   221 | D:1      | Found a faded altar of an unknown god.
   452 | D:1      | 452 ||| UPGRADING to +0 leather armour.
   462 | D:1      | 462 ||| DROPPING +0 robe.
   463 | D:1      | 463 ||| UPGRADING to +6 ring of dexterity.
   464 | D:1      | 464 ||| READING 2 scrolls labelled BIAMAE VULA.
   468 | D:1      | 468 ||| READING scroll labelled WONOLO BUWKOWI.
   469 | D:1      | 469 ||| DROPPING scroll of poison.
   557 | D:2      | Found a sacrificial altar of Ru.
   917 | D:2      | Reached XP level 3. HP: 19/29 MP: 3/3
  1094 | D:2      | 1094 ||| UPGRADING to amulet of regeneration.
  1099 | D:2      | 1099 ||| UPGRADING to +5 ring of evasion.
  1100 | D:2      | 1100 ||| READING 2 scrolls labelled ZIMEGUSYLI.
  1101 | D:2      | 1101 ||| READING scroll labelled WYETWUQAAR.
  1102 | D:2      | 1102 ||| READING scroll labelled GYHAELADYST.
  1103 | D:2      | 1103 ||| READING scroll labelled SIRRURGHIFEB.
  1228 | D:3      | Reached skill level 4 in Ranged Weapons
  1423 | D:3      | Reached skill level 5 in Ranged Weapons
  1423 | D:3      | Reached XP level 4. HP: 36/36 MP: 4/4
  1614 | D:3      | Reached skill level 3 in Fighting
  1614 | D:3      | Reached XP level 5. HP: 45/45 MP: 5/5
  1899 | D:3      | 1899 ||| UPGRADING to +0 ring mail.
  1909 | D:3      | 1909 ||| DROPPING +0 leather armour.
  1910 | D:3      | 1910 ||| READING scroll labelled LUSEACK LOUMAEN.
  1911 | D:3      | 1911 ||| DRINKING 2 silvery potions.
  1932 | D:3      | 1932 ||| DROPPING potion of lignification.
  2029 | D:4      | Noticed Robin
  2033 | D:4      | Reached skill level 1 in Armour
  2048 | D:4      | Killed Robin
  2153 | D:4      | Found a runed translucent door.
  2154 | D:4      | Noticed Crazy Yiuf
  2184 | D:4      | Noticed Grinder
  2198 | D:4      | Paralysed by Grinder for 5 turns
  2202 | D:4      | HP: 11/45 [Grinder (6)]
  2203 | D:4      | 2203 ||| READING scroll of teleportation.
  2205 | D:4      | Killed Grinder
  2206 | D:4      | Reached skill level 7 in Ranged Weapons
  2206 | D:4      | Reached XP level 6. HP: 10/51 MP: 6/6
  2378 | D:4      | Noticed Pikel
  2401 | D:4      | Killed Pikel
  2402 | D:4      | Reached XP level 7. HP: 28/66 MP: 7/7
  2713 | D:4      | 2713 ||| UPGRADING to +2 robe.
  2723 | D:4      | 2723 ||| DROPPING +0 ring mail.
  2724 | D:4      | 2724 ||| DRINKING 2 glowing inky potions.
  2754 | D:5      | Entered Level 5 of the Dungeon
  2767 | D:5      | Reached skill level 3 in Dodging
  2767 | D:5      | Reached XP level 8. HP: 57/73 MP: 8/8
  2781 | D:5      | 2781 ||| STAIRDANCE
  2976 | D:5      | Found a stormy altar of Qazlal.
  2991 | D:5      | Reached skill level 8 in Ranged Weapons
  3022 | D:5      | 3022 ||| FLEEEEING.
  3023 | D:5      | 3023 ||| FLEEEEING.
  3024 | D:5      | 3024 ||| FLEEEEING.
  3033 | D:5      | 3033 ||| FLEEEEING.
  3064 | D:5      | Noticed an air elemental
  3221 | D:5      | Found a glowing golden altar of the Shining One.
  3222 | D:5      | Found a shimmering blue altar of Sif Muna.
  3222 | D:5      | Found a broken altar of Ashenzari.
  3248 | D:5      | Reached skill level 9 in Ranged Weapons
  3313 | D:5      | Found an iron altar of Okawaru.
  3314 | D:5      | 3314 ||| PLANNING OKAWARU WORSHIP
  3314 | D:5      | 3314 ||| READING scroll labelled ONLANOFFEHIG.
  3315 | D:5      | 3315 ||| DRINKING 2 fuming black potions.
  3316 | D:5      | 3316 ||| READING 3 scrolls of identify.
  3316 | D:5      | 3316 ||| IDENTIFYING brown potion
  3317 | D:5      | 3317 ||| READING 2 scrolls of identify.
  3317 | D:5      | 3317 ||| IDENTIFYING grey potion
  3318 | D:5      | 3318 ||| DROPPING potion of degeneration.
  3326 | D:5      | Became a worshipper of Warmaster Okawaru
  3327 | D:5      | 3327 ||| PLANNING D:1-11
  3448 | D:5      | Found a staircase to the Ecumenical Temple.
  3551 | D:6      | HP: 18/73 [black bear (4)]
  3553 | D:6      | Reached skill level 10 in Ranged Weapons
  3558 | D:6      | HP: 11/73 [centaur (3)]
  3562 | D:6      | HP: 3/73 [centaur (6)]
  3562 | D:6      | Slain by an ice beast

Levels and vault maps discovered:
D:1:      ldierk_walled_garden, layout_rooms, shapermc_ecumenical_altar_ellora
D:2:      layout_loops_ring, basic_altar
D:3:      layout_basic, roderic_batcave
D:4:      layout_gridville, uniq_pikel, uniq_robin, uniq_crazy_yiuf_cottage,
          uniq_grinder
D:5:      layout_rooms, chequers_temple_overflow_statue_of_worship,
          nicolae_qazlal_style_of_elements, minmay_temple_entry_butterflies,
          serial_glass, glass_columns_b, glass_columns_a, feat_on_display,
          due_unseen_surprise, item_on_display_a, kennysheep_small_square
D:6:      layout_basic, st_stairs_2, uniq_sigmund

Skill      XL: |  1  2  3  4  5  6  7  8 |
---------------+-------------------------+-----
Ranged Weapons | 3 5 7 10 | 10.1
Fighting       | 2 3 7 |  7.5
Armour         | 1 |  1.0
Dodging        | 3 4 |  4.6
Spellcasting   | |  1.0
Hexes          | |  2.0

Action                     |  1- 3 |  4- 6 |  7- 9 || total
---------------------------+-------+-------+-------++-------
   Fire: Sling             |   104 |   139 |   172 ||   415
    Use: Scroll            |     6 |     2 |     3 ||    11
         Potion            |       |     1 |     2 ||     3
 Armour: Robe              |     1 |       |    17 ||    18
         Leather armour    |     2 |     4 |       ||     6
         Ring mail         |       |    24 |       ||    24
  Dodge: Dodged            |    30 |   106 |   137 ||   273

Table legend:
 A = Non-vault XP
 B = Vault XP
 C = Vault XP percentage of total XP
 D = Non-vault monster count
 E = Vault monster count
 F = Vault count percentage of total count
                 A         B        C        D         E       F
            +---------+---------+-------+---------+---------+-------
      Total |    1362 |    1430 |  51.2 |      71 |      27 |  27.6
            +---------+---------+-------+---------+---------+-------
        D:1 |      22 |       0 |   0.0 |      13 |       0 |   0.0
        D:2 |      21 |       0 |   0.0 |      10 |       0 |   0.0
        D:3 |     108 |      67 |  38.3 |      19 |       8 |  29.6
        D:4 |     128 |    1006 |  88.7 |      11 |      15 |  57.7
        D:5 |     835 |     231 |  21.7 |      12 |       3 |  20.0
        D:6 |     248 |     126 |  33.7 |       6 |       1 |  14.3
            +---------+---------+-------+---------+---------+-------
